 Dungeon Crawl Stone Soup version 0.24.0-123-gd5b16e6ec5 (webtiles) character file.

Game seed: 6969766232012532441, levelgen mode: deterministic

331 Curus the Carver (level 6, -7/50 HPs)
             Began as a Minotaur Gladiator on Dec 30, 2019.
             Mangled by Duvessa
             ... wielding a +0 short sword
              (13 damage)
             ... on level 4 of the Dungeon on Dec 31, 2019.
             The game lasted 00:12:34 (3349 turns).

Curus the Carver (Minotaur Gladiator)               Turns: 3349, Time: 00:12:34

Health: -7/50      AC:  4    Str: 18    XL:     6   Next: 26%
Magic:  5/5        EV: 13    Int:  7    God:
Gold:   225        SH:  0    Dex: 12    Spells: 5/5 levels left

rFire    . . .     SeeInvis .   a - +1 long sword
rCold    + . .     Gourm    .   (no shield)
rNeg     . . .     Faith    .   b - +0 leather armour
rPois    .         Spirit   .   c - +0 hat
rElec    .         Reflect  .   (no cloak)
rCorr    .         Harm     .   (no gloves)
MR       +....                  e - +0 pair of boots
Stlth    +.........             (no amulet)
HPRegen  0.16/turn              h - ring of protection from magic
MPRegen  0.09/turn              k - ring of protection from cold

@: no status effects
A: retaliatory headbutt, horns 2
a: no special abilities


You were on level 4 of the Dungeon.
You were not hungry.

You visited 1 branch of the dungeon, and saw 4 of its levels.

You collected 225 gold pieces.

Inventory:

Hand Weapons
 a - a +1 long sword (weapon)
Missiles
 d - 3 throwing nets (quivered)
Armour
 b - a +0 leather armour (worn)
 c - a +0 hat (worn)
 e - a +0 pair of boots (worn)
Jewellery
 h - a ring of protection from magic (left hand)
 k - a ring of protection from cold (right hand)
Scrolls
 g - 6 scrolls of identify
 i - 2 scrolls of fog
 j - 3 scrolls of remove curse
Comestibles
 f - 11 rations


   Skills:
 - Level 2.4 Fighting
 + Level 8.6 Long Blades
 - Level 2.0 Throwing
 - Level 3.2 Dodging


You had 5 spell levels left.
You didn't know any spells.
Your spell library was empty.

Dungeon Overview and Level Annotations

Branches:
Dungeon (4/15)
 Temple: D:4-7

Altars:
Gozag

Annotations:
D:4 1 runed translucent door, Dowan, Duvessa


Innate Abilities, Weirdness & Mutations

You reflexively headbutt those who attack you in melee.
You have a pair of horns on your head.


Message History

Duvessa struggles against the net.
The net rips apart, and Duvessa comes free!
You hit Duvessa. You headbutt Duvessa, but do no damage.
Duvessa is heavily wounded.
Duvessa misses you. Duvessa closely misses you. You furiously retaliate!
You headbutt Duvessa, but do no damage. You slash Duvessa!
Duvessa is severely wounded.
Duvessa closely misses you.
You riposte.
You barely miss Duvessa.
Duvessa is severely wounded.
You closely miss Duvessa.
Duvessa is severely wounded.
Duvessa misses you.
You riposte.
You hit Duvessa.
Duvessa is severely wounded.
Duvessa hits you with a +0 short sword.
* * * LOW HITPOINT WARNING * * *
You hit Duvessa.
Duvessa is severely wounded.
Duvessa hits you with a +0 short sword!
You die...

...........#
.>.........#
..)........##
............#
.......####.#
......# ##.##
..##..# ##...#
#.##...##....#####
.............ee@#
............#####
...........#
..........##
.......e..#
..........#
.........##
..........
..........


You could see Duvessa and Dowan.

Vanquished Creatures
  An orc priest (D:3)
  2 orc wizards
  A bullfrog skeleton (D:4)
  Jessica (D:3)
  2 worker ants
  A hound skeleton (D:4)
  4 adders
  4 worms
  3 leopard geckos
  11 orcs
  A ball python (D:4)
  7 bats
  2 giant cockroaches
  7 goblins
  4 hobgoblins
  3 jackals (D:2)
  9 kobolds
  2 quokkas (D:4)
  A ball python skeleton (D:2)
  3 frilled lizards
  A jackal skeleton (D:4)
  8 rats
78 creatures vanquished.

Notes
Turn   | Place    | Note
-------+----------+-------------------------------------------
     0 | D:1      | Curus the Minotaur Gladiator began the quest for the Orb.
     0 | D:1      | Reached XP level 1. HP: 18/18 MP: 0/0
    86 | D:1      | Reached skill level 4 in Long Blades
   441 | D:1      | Reached XP level 2. HP: 25/25 MP: 1/1
  1164 | D:2      | Reached skill level 5 in Long Blades
  1167 | D:2      | Reached XP level 3. HP: 23/30 MP: 2/2
  1569 | D:2      | Reached skill level 6 in Long Blades
  1569 | D:2      | Reached XP level 4. HP: 36/37 MP: 3/3
  1969 | D:3      | Noticed Jessica
  1975 | D:3      | Killed Jessica
  1977 | D:3      | Reached XP level 5. HP: 22/42 MP: 4/4
  1980 | D:3      | Reached skill level 7 in Long Blades
  1990 | D:3      | HP: 2/42 [poisoned by a kobold]
  2845 | D:4      | Found an opulent altar of Gozag.
  2878 | D:4      | Reached skill level 8 in Long Blades
  2898 | D:3      | Reached XP level 6. HP: 17/50 MP: 5/5
  3150 | D:4      | Found a runed translucent door.
  3322 | D:4      | Noticed Dowan
  3323 | D:4      | Noticed Duvessa
  3349 | D:4      | Mangled by Duvessa

Levels and vault maps discovered:
D:1:      matt_arrival_diagonals, layout_loops_corners,
          chequers_serial_rivers_marsh
D:2:      cheibrodos_old_hovel, layout_basic, serial_glass, glass_columns_a,
          glass_columns_b, feat_on_display, minmay_strange_pillars,
          due_unseen_surprise
D:3:      layout_basic, uniq_jessica
D:4:      layout_layer_cave, kennysheep_little_box, first_ration,
          ebering_ghost_reflecting_pool, grunt_gozag_breadcrumbs, uniq_duvessa,
          uniq_menkaure, uniq_sigmund

Skill      XL: |  1  2  3  4  5 |
---------------+----------------+-----
Long Blades    | 4 5 6 8 |  8.6
Fighting       | |  2.4
Throwing       | |  2.0
Dodging        | |  3.2

Action                   |  1- 3 |  4- 6 || total
-------------------------+-------+-------++-------
Melee: Long sword        |    69 |    94 ||   163
       Headbutt          |    15 |    14 ||    29
Throw: Throwing net      |       |     1 ||     1
  Use: Scroll            |     6 |     1 ||     7
       Potion            |     3 |     2 ||     5
  Eat: Chunk             |     2 |     6 ||     8
Armor: Leather armour    |    16 |    15 ||    31
Dodge: Dodged            |    37 |    59 ||    96
       Rpst.: Long sword |     8 |    19 ||    27
